 Dungeon Crawl Stone Soup version 0.26-a0-597-gb535b0901c (webtiles) character file.

Game seed: 6414021118391267173

58 Lanoc the Sneak (level 4, 0/42 HPs)
             Began as a Naga Delver on Sept 14, 2020.
             Was an Initiate of Cheibriados.
             Slain by an adder zombie (2 damage)
             ... in an ossuary.
             The game lasted 00:01:30 (199 turns).

Lanoc the Sneak (Naga Delver)                        Turns: 199, Time: 00:01:30

Health: 0/42       AC:  2    Str: 15    XL:     4   Next: 1%
Magic:  5/5        EV: 10    Int: 12    God:    Cheibriados [......]
Gold:   13         SH:  0    Dex: 14    Spells: 3/3 levels left

rFire    . . .     SeeInvis +   a - +0 falchion
rCold    . . .     Faith    .   (no shield)
rNeg     . . .     Spirit   .   b - +0 leather armour
rPois    +         Reflect  .   (no helmet)
rElec    .         Harm     .   (no cloak)
rCorr    .                      (no gloves)
MR       .....                  (no barding)
Stlth    +++.......             (no amulet)
HPRegen  0.14/turn              (no ring)
MPRegen  0.09/turn              (no ring)

@: slowed, very slow
A: large, see invisible, deformed body, poison resistance, slowness 2, spit
poison 1, AC +1
a: Spit Poison, Bend Time, Renounce Religion


You were in an ossuary.
You worshipped Cheibriados.
Cheibriados was noncommittal.
You visited 1 branch of the dungeon, and saw 2 of its levels.
You also visited: Ossuary.

You collected 13 gold pieces.

Inventory:

Hand Weapons
 a - a +0 falchion (weapon)
Armour
 b - a +0 leather armour (worn)
Wands
 g - a wand of digging (3)
Scrolls
 c - a scroll of fog
 e - a scroll of fear
 h - a scroll of blinking {unknown}
 i - a scroll of remove curse {unknown}
Potions
 f - a potion of haste


   Skills:
 + Level 3.4 Fighting
 - Level 2.0 Long Blades
 + Level 2.1 Dodging
 + Level 7.7 Stealth
 * Level 2.1 Invocations


You had 3 spell levels left.
You didn't know any spells.
Your spell library was empty.

Dungeon Overview and Level Annotations

Branches:
Dungeon (5/15)            Ossuary (1/1)
 Temple: D:4-7

Altars:
Cheibriados


Innate Abilities, Weirdness & Mutations

You cannot wear boots.
Your serpentine skin is tough. (AC +1)
You have supernaturally acute eyesight. (SInv)
Armour fits poorly on your strangely shaped body.
Your system is resistant to poisons. (rPois)
You cover ground very slowly.
You can spit poison.


Message History

The adder zombie barely misses you.
You riposte.
You hit the adder zombie.
The adder zombie is moderately damaged.
You hit the adder zombie.
The adder zombie is heavily damaged.
The adder zombie bites you.
* * * LOW HITPOINT WARNING * * *
The adder zombie bites you.
* * * LOW HITPOINT WARNING * * *
Okay, then.
You barely miss the adder zombie.
The adder zombie is heavily damaged.
The adder zombie bites you but does no damage.
The adder zombie barely misses you.
Your leather armour prevents you from hitting the adder zombie.
The adder zombie is heavily damaged.
The adder zombie bites you.
* * * LOW HITPOINT WARNING * * *
A worker ant zombie comes into view.
The adder zombie bites you.
You die...

#####
#..∩#
#.∩.#
#..@#
##Z##
Z.Z.≈
+#.≈.#≈#
#.#.# #
≈≈ ##
#≈# ##


You could see an adder zombie, a bullfrog zombie and a worker ant zombie
(wandering).

Vanquished Creatures
  2 mummies (Ossuary)
  A dart slug (D:5)
  A giant cockroach (D:4)
  A leopard gecko zombie (Ossuary)
5 creatures vanquished.

Vanquished Creatures (others)
  7 withered plants (Ossuary)
7 creatures vanquished.

Grand Total: 12 creatures vanquished

Notes
Turn   | Place    | Note
-------+----------+-------------------------------------------
     0 | D:5      | Lanoc the Naga Delver began the quest for the Orb.
     0 | D:5      | Reached XP level 1. HP: 21/21 MP: 1/1
    13 | D:5      | Found a snail-covered altar of Cheibriados.
    23 | D:5      | Became a worshipper of Cheibriados the Contemplative
    76 | D:4      | Found a sand-covered staircase.
    85 | Ossuary  | Entered an ossuary
    85 | Ossuary  | Noticed a bog mummy
   103 | Ossuary  | Killed a bog mummy
   103 | Ossuary  | Reached skill level 1 in Invocations
   103 | Ossuary  | Reached XP level 2. HP: 3/28 MP: 1/3
   103 | Ossuary  | Reached XP level 3. HP: 3/34 MP: 1/4
   195 | Ossuary  | Reached XP level 4. HP: 15/42 MP: 5/5
   199 | Ossuary  | HP: 2/42 [adder zombie (4)]
   199 | Ossuary  | Slain by an adder zombie

Illustrated notes

Levels and vault maps discovered:
D:4:      layout_basic, overflow_temple_1_default, chequers_ossuary_entry_cave,
          minmay_misc_feat_four_crosses, uniq_blork_the_orc
D:5:      layout_rooms, nicolae_ru_great_annihilating_truth,
          gammafunk_temple_overflow_elements, kennysheep_slug_shrine
Ossuary:  ossuary_zaba_flooded

Skill      XL: |  1  2  3 |
---------------+----------+-----
Invocations    | 1 2 |  2.1
Dodging        | 2 |  2.1
Fighting       | |  3.4
Long Blades    | |  2.0
Stealth        | |  7.7

Action                   |  1- 3 |  4- 6 || total
-------------------------+-------+-------++-------
Melee: Falchion          |    21 |     4 ||    25
 Abil: Spit Poison       |     2 |       ||     2
  Use: Scroll            |     1 |       ||     1
Armor: Leather armour    |       |     1 ||     1
Dodge: Dodged            |     4 |     3 ||     7
       Rpst.: Falchion   |     2 |     1 ||     3

Table legend: (Time is in decaauts)
 A = Elapsed time spent in this place.
 B = Non-inter-level travel time spent in this place.
 C = Inter-level travel time spent in this place.
 D = Time resting spent in this place.
 E = Time spent auto-exploring this place.
 F = Levels seen in this place.
 G = Mean time per level.
                   A        B        C        D        E       F      G
               +--------+--------+--------+--------+--------+-----+--------+
         Total |    272 |    272 |      0 |     83 |     50 |   3 |   90.7 |
       Dungeon |    140 |    140 |      0 |      0 |     50 |   2 |   70.0 |
       Ossuary |    132 |    132 |      0 |     83 |      0 |   1 |  132.0 |
               +--------+--------+--------+--------+--------+-----+--------+

Top non-repeatable levels by time:
 Ossuary: 132 daAuts
     D:5: 84 daAuts
     D:4: 56 daAuts
